 Dungeon Crawl Stone Soup version 0.21.0-24-g2553a33 (webtiles) character file.

105 tidbits the Slasher (level 4, -2/41 HPs)
             Began as a Gnoll Wanderer on Jan 19, 2018.
             Shot with an arrow by a centaur (9 damage)
             ... on level 6 of the Dungeon.
             The game lasted 00:04:53 (781 turns).

tidbits the Slasher (Gnoll Wanderer)                 Turns: 781, Time: 00:04:54

Health: -2/41      AC:  2    Str: 13    XL:     4   Next: 81%
Magic:  5/5        EV: 12    Int: 13    God:
Gold:   33         SH:  5    Dex: 18    Spells: 5/5 levels left

rFire    . . .     SeeInvis .   a - +2 falchion
rCold    . . .     Gourm    .   D - +0 buckler
rNeg     . . .     Faith    .   d - +0 robe
rPois    .         Spirit   .   (no helmet)
rElec    .         Reflect  .   (no cloak)
rCorr    .         Harm     .   (no gloves)
MR       .....                  (no boots)
Stlth    ++........             (no amulet)
HPRegen  0.13/turn              (no ring)
MPRegen  0.09/turn              (no ring)

@: no status effects
A: distributed training, fangs 1, strong nose
a: no special abilities


You were on level 6 of the Dungeon.
You were very full.

You visited 1 branch of the dungeon, and saw 5 of its levels.

You collected 33 gold pieces.

Inventory:

Hand Weapons
 a - a +2 falchion (weapon)
 b - a +0 dagger
Armour
 d - a +0 robe (worn)
 D - a +0 buckler (worn)
Scrolls
 f - 2 scrolls of remove curse {unknown}
Potions
 e - 2 potions of curing
Comestibles
 c - 3 rations


   Skills:
 + Level 6.6 Fighting
 + Level 1.2 Short Blades
 + Level 6.6 Long Blades
 + Level 1.2 Axes
 + Level 1.2 Maces & Flails
 + Level 2.8 Polearms
 + Level 1.2 Staves
 + Level 1.2 Slings
 + Level 1.2 Bows
 + Level 1.2 Crossbows
 + Level 2.8 Throwing
 + Level 1.2 Armour
 + Level 1.2 Dodging
 + Level 2.6 Stealth
 + Level 2.8 Shields
 + Level 1.2 Unarmed Combat
 + Level 1.2 Spellcasting
 + Level 1.0 Conjurations
 + Level 1.0 Hexes
 + Level 1.0 Charms
 + Level 1.0 Summonings
 + Level 1.0 Necromancy
 + Level 1.0 Translocations
 + Level 1.0 Transmutations
 + Level 1.0 Fire Magic
 + Level 1.0 Ice Magic
 + Level 1.0 Air Magic
 + Level 1.0 Earth Magic
 + Level 1.0 Poison Magic
 + Level 1.3 Invocations
 + Level 1.2 Evocations


You had 5 spell levels left.
You didn't know any spells.

Dungeon Overview and Level Annotations

Branches:
Dungeon (4/15)
 Temple: D:4-7

Altars:
Trog
Vehumet

Annotations:
D:4 Sigmund


Innate Abilities, Weirdness & Mutations

Your experience applies equally to all skills.
You have very sharp teeth.
Your uncanny sense of smell can sniff out nearby items.


Message History

Your Transmutations skill increases to level 1!
Your Fire Magic skill increases to level 1!
Your Ice Magic skill increases to level 1!
Your Air Magic skill increases to level 1!
Your Earth Magic skill increases to level 1!
Your Poison Magic skill increases to level 1!
You closely miss the rat. You bite the rat.
The rat is moderately wounded.
The rat bites you.
* * * LOW HITPOINT WARNING * * *
You hit the rat.
You kill the rat!
A rat comes into view.
You closely miss the rat. You bite the rat, but do no damage.
The rat misses you.
You hit the rat.
The rat is heavily wounded.
You block the rat's attack.
You hit the rat.
You kill the rat!
A goblin comes into view. It is wielding a club.
You hit the goblin.
The goblin is moderately wounded.
The goblin hits you with a club.
* * * LOW HITPOINT WARNING * * *
You hit the goblin. You bite the goblin, but do no damage.
The goblin is severely wounded.
You barely miss the goblin.
The goblin is severely wounded.
The goblin barely misses you.
You closely miss the goblin. You bite the goblin.
You kill the goblin!
Things that are here:
a club; a goblin corpse You open the door.
There is an open door here.
A frilled lizard and a bat come into view.
The bat closely misses you. x2; The bat misses you.
You riposte.
You miss the bat. You miss the bat. Your bite misses the bat.
The bat barely misses you.
You miss the bat.
The bat barely misses you. x2; The bat closely misses you.
You barely miss the bat. The bat misses you.
The bat hits you but does no damage.
You slash the bat!
You kill the bat!
You see here a bat corpse.
The helpless frilled lizard fails to defend itself.
You slash the frilled lizard!
You kill the frilled lizard!
You see here a frilled lizard corpse.
Found a scroll labeled DAITIZ IPPIPP.
Found 2 scrolls labeled ARADUI KEIT.
You see here a scroll labeled DAITIZ IPPIPP.
As you read the scroll labeled DAITIZ IPPIPP, it crumbles to dust.
The air around you briefly surges with heat, but it dissipates.
It was a scroll of immolation.
You see here 2 scrolls labeled ARADUI KEIT.
f - 2 scrolls labeled ARADUI KEIT A goblin comes into view.
There is a shaft here.
You fall through a shaft for 3 floors!
The shaft crumbles and collapses.
Unknown command.
A shadow imp comes into view.
The shadow imp shouts, "Out, out, thou peaked full-gorged coxcomb!"
Found a flail.
You are too injured to fight recklessly!
You are too injured to fight recklessly!
You are too injured to fight recklessly!
You are too injured to fight recklessly!
You are too injured to fight recklessly!
You are too injured to fight recklessly!
You hit the shadow imp.
You bite the shadow imp, but do no damage.
The shadow imp is heavily wounded.
The shadow imp hits you.
* * * LOW HITPOINT WARNING * * *
You closely miss the shadow imp.
The shadow imp is heavily wounded.
The shadow imp shouts, "Out, out, thou rough-hewn base-court boar-pig!"
You block the shadow imp's attack.
You barely miss the shadow imp.
You bite the shadow imp, but do no damage.
The shadow imp is heavily wounded.
The shadow imp completely misses you.
Your shield prevents you from hitting the shadow imp.
The shadow imp is heavily wounded.
You block the shadow imp's attack.
You barely miss the shadow imp.
The shadow imp is heavily wounded.
The shadow imp hits you.
* * * LOW HITPOINT WARNING * * *
You hit the shadow imp.
You kill the shadow imp!
Found a pair of boots.
A centaur comes into view.
The centaur shouts!
The centaur wields a runed shortbow.
It is covered in frost.
The centaur shoots an arrow.
The arrow hits you!
You die...

∆ .... .#c
### ## ..
..# ∆... #.#
#.##.. #..
....
#..##.####
#[.......#
#..@#....#
#...#...)#
#...#....#
.....#....#
###...#....#
#######....#
#..........#
#.#####.#..#
#.# #.#..#


You could see a centaur.

Vanquished Creatures
  2 orc wizards (D:3)
  An adder (D:3)
  A shadow imp (D:6)
  An ooze (D:2)
  A dart slug (D:1)
  3 orcs
  4 bats
  A giant cockroach (D:2)
  A goblin (D:3)
  2 hobgoblins
  2 quokkas
  A frilled lizard (D:3)
  A kobold (D:3)
  A quokka skeleton (D:4)
  5 rats
27 creatures vanquished.

Notes
Turn   | Place    | Note
-------+----------+-------------------------------------------
     0 | D:1      | tidbits the Gnoll Wanderer began the quest for the Orb.
     0 | D:1      | tidbits set off with: a +2 falchion, 2 potions of curing, a +0 robe, a ration
     0 | D:1      | Reached XP level 1. HP: 23/23 MP: 1/1
   179 | D:1      | Reached XP level 2. HP: 25/29 MP: 2/2
   190 | D:2      | Found a bloodstained altar of Trog.
   371 | D:3      | Reached skill level 1 in Invocations
   371 | D:3      | Reached XP level 3. HP: 35/35 MP: 2/4
   378 | D:3      | Reached skill level 1 in Short Blades
   378 | D:3      | Reached skill level 1 in Axes
   378 | D:3      | Reached skill level 1 in Maces & Flails
   378 | D:3      | Reached skill level 1 in Staves
   378 | D:3      | Reached skill level 1 in Slings
   378 | D:3      | Reached skill level 1 in Bows
   378 | D:3      | Reached skill level 1 in Crossbows
   378 | D:3      | Reached skill level 1 in Armour
   378 | D:3      | Reached skill level 1 in Dodging
   378 | D:3      | Reached skill level 1 in Unarmed Combat
   378 | D:3      | Reached skill level 1 in Spellcasting
   378 | D:3      | Reached skill level 1 in Evocations
   387 | D:3      | Reached XP level 4. HP: 41/41 MP: 3/5
   612 | D:4      | Found a radiant altar of Vehumet.
   615 | D:4      | Noticed Sigmund
   648 | D:4      | HP: 3/41 [quokka (2)]
   651 | D:3      | Reached skill level 1 in Conjurations
   651 | D:3      | Reached skill level 1 in Hexes
   651 | D:3      | Reached skill level 1 in Charms
   651 | D:3      | Reached skill level 1 in Summonings
   651 | D:3      | Reached skill level 1 in Necromancy
   651 | D:3      | Reached skill level 1 in Translocations
   651 | D:3      | Reached skill level 1 in Transmutations
   651 | D:3      | Reached skill level 1 in Fire Magic
   651 | D:3      | Reached skill level 1 in Ice Magic
   651 | D:3      | Reached skill level 1 in Air Magic
   651 | D:3      | Reached skill level 1 in Earth Magic
   651 | D:3      | Reached skill level 1 in Poison Magic
   661 | D:3      | HP: 4/41 [rat (1)]
   685 | D:3      | HP: 2/41 [goblin/club (5)]
   762 | D:3      | You fall through a shaft for 3 floors!
   781 | D:6      | Noticed a centaur
   781 | D:6      | Shot with an arrow by a centaur

Skill      XL: |  1  2  3  4 |
---------------+-------------+-----
Invocations    | 1 |  1.3
Short Blades   | 1 |  1.2
Axes           | 1 |  1.2
Maces & Flails | 1 |  1.2
Staves         | 1 |  1.2
Slings         | 1 |  1.2
Bows           | 1 |  1.2
Crossbows      | 1 |  1.2
Armour         | 1 |  1.2
Dodging        | 1 |  1.2
Unarmed Combat | 1 |  1.2
Spellcasting   | 1 |  1.2
Evocations     | 1 |  1.2
Conjurations   | 1 |  1.0
Hexes          | 1 |  1.0
Charms         | 1 |  1.0
Summonings     | 1 |  1.0
Necromancy     | 1 |  1.0
Translocations | 1 |  1.0
Transmutations | 1 |  1.0
Fire Magic     | 1 |  1.0
Ice Magic      | 1 |  1.0
Air Magic      | 1 |  1.0
Earth Magic    | 1 |  1.0
Poison Magic   | 1 |  1.0
Fighting       | |  6.6
Long Blades    | |  6.6
Polearms       | |  2.8
Throwing       | |  2.8
Stealth        | |  2.6
Shields        | |  2.8

Action                   |  1- 3 |  4- 6 || total
-------------------------+-------+-------++-------
Melee: Falchion          |    39 |    29 ||    68
       Bite              |     1 |     8 ||     9
  Use: Scroll            |     3 |     2 ||     5
       Potion            |     1 |       ||     1
 Stab: Sleeping          |     2 |     1 ||     3
  Eat: Ration            |     2 |       ||     2
Armor: Robe              |     3 |     4 ||     7
       Skin              |    34 |     1 ||    35
Dodge: Dodged            |    12 |    26 ||    38
Block: Buckler           |       |    13 ||    13
       Rpst.: Falchion   |     7 |     6 ||    13

Table legend:
 A = Turns spent in this place as a percentage of turns spent in the entire game.
 B = Non-inter-level travel turns spent in this place as a percentage of non-inter-level travel turns spent in the entire game.
 C = Inter-level travel turns spent in this place as a percentage of turns spent in this place.
 D = Turns resting spent in this place as a percentage of non-inter-level travel turns spent in this place.
 E = Turns spent auto-exploring this place as a percentage of non-inter-level travel turns spent in this place.
 F = Non-inter-level travel turns spent in this place divided by the number of levels of this place that you've seen.
                   A       B       C       D       E      F
               +-------+-------+-------+-------+-------+----------------------
         Total | 100.0 | 100.0 |   9.6 |   0.0 |   0.0 | 141.2
       Dungeon | 100.0 | 100.0 |   9.6 |   0.0 |   0.0 | 141.2
               +-------+-------+-------+-------+-------+----------------------

Table legend:
 A = Kills in this place as a percentage of kills in entire the game.
 B = Kills by you in this place as a percentage of kills by you in the entire game.
 C = Kills by friends in this place as a percentage of kills by friends in the entire game.
 D = Other kills in this place as a percentage of other kills in the entire game.
 E = Experience gained in this place as a percentage of experience gained in the entire game.
 F = Experience gained in this place divided by the number of levels of this place that you have seen.
                   A       B       C       D       E      F
               +-------+-------+-------+-------+-------+----------------------
         Total | 100.0 | 100.0 |   N/A |   N/A | 100.0 |  30.0
       Dungeon | 100.0 | 100.0 |   N/A |   N/A | 100.0 |  30.0
               +-------+-------+-------+-------+-------+----------------------

Vault maps used:
D:1:      co_arrival_square_in_a_square_in_a_square, minivault_25
D:2:      old_standard_altar
D:3:      lemuel_upstairs_altar, uniq_crazy_yiuf_cottage
D:4:      vehumet_altar_wand_db, first_ration, uniq_sigmund, uniq_eustachio
D:6:      kennysheep_little_box, old_standard_altar, uniq_pikel
